 Dungeon Crawl Stone Soup version 0.23.0-42-geed6394480 (webtiles) character file.

Game seed: 0

87894 Peloso the Peltast (level 15, -6/138 HPs)
             Began as a Minotaur Fighter on Feb 28, 2019.
             Was a High Priest of Okawaru.
             Killed by divine providence
             ... invoked by an orc high priest
              (13 damage)
             ... on level 2 of the Orcish Mines on Mar 1, 2019.
             The game lasted 01:07:24 (25398 turns).

Peloso the Peltast (Minotaur Fighter)              Turns: 25398, Time: 01:07:25

Health: -6/138     AC: 21    Str: 26    XL:     15   Next: 45%
Magic:  15/15      EV: 10    Int: 12    God:    Okawaru [*****.]
Gold:   1815       SH: 18    Dex: 17    Spells: 14/14 levels left

rFire    + . .     SeeInvis .   a - +4 scimitar (freeze)
rCold    + + .     Gourm    .   c - +0 shield
rNeg     . . .     Faith    .   M - +0 plate armour
rPois    +         Spirit   .   y - +2 hat of Nerauw {Int+4}
rElec    .         Reflect  +   q - scarf {repulsion}
rCorr    .         Harm     .   U - +0 pair of gloves
MR       +....                  t - +0 pair of boots "Zuli" {rPois Int+3} (curse)
Stlth    ..........             G - amulet of Ola Beis {Reflect +Fly rPois rC+ Str+2 SH+2}
HPRegen  0.33/turn              k - ring of Tophoyna {rF+ Slay+3 Stlth-}
MPRegen  0.14/turn              V - ring of Egalitarianism {+Fly rC+ Dex+4 Slay+2}

@: repel missiles
A: retaliatory headbutt, horns 2
a: Heroism, Finesse, Renounce Religion, Evoke Flight


You were on level 2 of the Orcish Mines.
You worshipped Okawaru.
Okawaru was extremely pleased with you.
You were hungry.

You visited 3 branches of the dungeon, and saw 21 of its levels.
You also visited: Ossuary, Gauntlet and Ice Cave.

You collected 2589 gold pieces.
You spent 774 gold pieces at shops.

Inventory:

Hand Weapons
 a - a +4 scimitar of freezing (weapon)
 j - a +3 long sword of holy wrath
 w - a +3 war axe of flaming
 C - the +5 longbow of Destiny {speed, Str+4 Int+5 Dex+4 Stlth-, unknown}
   (Okawaru gifted it to you in an ice cave)

   Attacks with this weapon are significantly faster.
   It affects your strength (+4).
   It affects your intelligence (+5).
   It affects your dexterity (+4).
   It makes you less stealthy.
Armour
 b - a +0 scale mail
 c - a +0 shield (worn)
 o - the +0 hat of Resonance {rC+}
   (Okawaru gifted it to you in a Gauntlet)

   It protects you from cold.
 q - a scarf of repulsion (worn)
 t - the cursed +0 pair of boots "Zuli" (worn) {rPois Int+3}
   (You found it on level 3 of the Lair of Beasts)

   It affects your intelligence (+3).
   It protects you from poison.
   It has a curse placed upon it.
 y - the +2 hat of Nerauw (worn) {Int+4}
   (Okawaru gifted it to you on level 3 of the Lair of Beasts)

   It affects your intelligence (+4).
 M - a +0 plate armour (worn)
 U - a +0 pair of gloves (worn)
Jewellery
 k - the ring of Tophoyna (left hand) {rF+ Slay+3 Stlth-}
   (You found it in a Gauntlet)

   [ring of attention]

   It affects your accuracy and damage with ranged weapons and melee attacks
   (+3).
   It protects you from fire.
   It makes you less stealthy.
 p - an uncursed ring of ice
 F - an uncursed ring of ice
 G - the amulet of Ola Beis (around neck) {Reflect +Fly rPois rC+ Str+2 SH+2}
   (You found it on level 5 of the Lair of Beasts)

   [amulet of reflection]

   It shields you and reflects attacks.
   It affects your strength (+2).
   It protects you from cold.
   It protects you from poison.
   It lets you fly.
   It affects your SH (+2).
 K - an uncursed ring of ice
 P - an uncursed ring of protection from fire
 V - the ring of Egalitarianism (right hand) {+Fly rC+ Dex+4 Slay+2}
   (You bought it in a shop on level 11 of the Dungeon)

   [ring of protection from cold]

   It affects your dexterity (+4).
   It affects your accuracy and damage with ranged weapons and melee attacks
   (+2).
   It protects you from cold.
   It lets you fly.
Wands
 s - a wand of random effects (14)
 B - a wand of iceblast (5)
 I - a wand of digging (4)
Scrolls
 e - 5 scrolls of amnesia
 g - 9 scrolls of teleportation
 i - 13 scrolls of remove curse
 l - 3 scrolls of fear
 n - 5 scrolls of noise {unknown}
 v - 4 scrolls of identify
 E - 5 scrolls of enchant weapon {unknown}
 N - a scroll of enchant armour
 Q - a scroll of fog
 T - 3 scrolls of silence
Potions
 d - 4 potions of might
 m - a potion of flight
 r - 11 potions of curing
 x - 3 potions of heal wounds
 z - 6 potions of agility
 D - 2 potions of berserk rage
 H - 2 potions of haste
 L - a potion of invisibility
 Y - 2 potions of resistance
Miscellaneous
 h - a phial of floods
 A - a crystal ball of energy
 J - a sack of spiders
Comestibles
 f - 38 rations
 u - 4 chunks of flesh


   Skills:
 + Level 14.2 Fighting
 + Level 16.8 Long Blades
 + Level 6.1 Axes
 + Level 14.4 Armour
 + Level 4.1 Dodging
 + Level 2.3 Stealth
 + Level 17.0 Shields
 + Level 2.3 Invocations
 + Level 2.0 Evocations


You had 14 spell levels left.
You didn't know any spells.
Your spell library contained the following spells:

 Spells                   Type           Power        Failure   Level  Hunger
 Corona                   Hex            #......      93%         1    ##.....
 Magic Dart               Conj           #...         93%         1    ##.....
 Sandblast                Erth           #.....       93%         1    ##.....
 Blink                    Tloc           N/A          98%         2    ###....
 Call Imp                 Summ           #.......     98%         2    ###....
 Passwall                 Tmut/Erth      #.......     98%         2    ###....
 Slow                     Hex            #.......     98%         2    ###....
 Conjure Flame            Conj/Fire      #.......     100%        3    ####...
 Inner Flame              Hex/Fire       #.......     100%        3    ####...
 Mephitic Cloud           Conj/Pois/Air  #.......     100%        3    ####...
 Portal Projectile        Hex/Tloc       #.....       100%        3    ####...
 Stone Arrow              Conj/Erth      #.....       100%        3    ####...
 Cause Fear               Hex            #.........   100%        4    #####..
 Leda's Liquefaction      Hex/Erth       #.........   100%        4    #####..
 Petrify                  Tmut/Erth      #.......     100%        4    #####..
 Lee's Rapid Deconstruct  Erth           #.........   100%        5    ######.


Dungeon Overview and Level Annotations

Branches:
Dungeon (13/15)            Temple (0/1) D:7            Lair (6/6) D:9
 Shoals (0/4) Lair:3        Snake (0/4) Lair:4        Slime (0/5) Lair:5
    Orc (2/2) D:10            Elf (0/3) Orc:2
 Vaults: D:13-14

Altars:
Ashenzari
Cheibriados
Elyvilon
Makhleb
Okawaru
Ru
Sif Muna
Trog
Wu Jian
Xom
Zin
The Shining One

Shops:
D:11 *   D:13 *}   Orc:2 ?*

Annotations:
D:5 1 runed translucent door, Veteran's ghost, novice GrFi
D:6 3 runed translucent doors, ciphuk's ghost, novice HaHu


Innate Abilities, Weirdness & Mutations

You reflexively headbutt those who attack you in melee.
You have a pair of horns on your head.


Message History

The orc high priest prays to Beogh.
Unknown command.
You closely miss the orc high priest.
Your headbutt misses the orc high priest.
An orc high priest comes into view. It is wielding a +0 short sword.
Unknown command.
The orc high priest shouts!
You slice the orc high priest!! You freeze the orc high priest!
The orc high priest is severely wounded.
The orc high priest mumbles some strange prayers to Beogh against you.
Beogh smites you!
* * * LOW HITPOINT WARNING * * *
The soul eater draws from the surrounding life force!
* * * LOW HITPOINT WARNING * * *
You closely miss the orc high priest.
The orc high priest is severely wounded.
The orc sorcerer casts a spell.
The orc high priest mumbles some strange prayers to Beogh against you.
Beogh smites you!
You die...

#))#.#.....#.#..#* ***,,,,,,,,**
[)##....#....##..#* *,,*,*,,,,,**
.###...###...###..***,,,**,,*,,,*
###...##,##...###.,***,,*,,,*,,,,
#*...##,,,##...##*,,**,,,,,,**,,*
*,..##,,,,,##...##*,,,.....**,,,,
,,.#*,,*,*,,##..)##*,,....##,,,,,
*,**,,*∩,∩*,,##)#.##*,.....##,,,,
,**,,**,,,**,,##@..#*#o#....#,,,*
*,**,,**∩**,,##o#)###o.......,,**
,,,**,,***,,##34.###.........,,,*
*,,,**,,*,,##oo.###..#.......,,**
**,,,**,,,##...###.o))#....,,,**
***,,,*o*,#4).###.o..oo#,,,,,*,**
,##*,o....o..###..o........,,,,,*
#.##*.#...#.###o.o..........,,,,,
...###..3..#*#.$o............,,,,


You could see a soul eater, 2 orc high priests, a rust devil, a chaos spawn, an
orc sorcerer and an orc priest.

Vanquished Creatures
  A frost giant (IceCv)
  2 orc warlords (Orc:1)
  A minotaur (Gauntlet)
  2 ettins (Orc:1)
  Josephine (Lair:5)
  Harold (D:8)
  12 hydras
  A death knight (D:11)
  6 two-headed ogres
  An orc high priest (Orc:2)
  5 death yaks
  Sonja (Orc:1)
  A skeletal warrior (D:12)
  2 fire crabs (Gauntlet)
  A sixfirhy (Orc:2)
  An unseen horror (D:11)
  A phantasmal warrior (D:11)
  A lindwurm (Lair:6)
  An orc sorcerer (Orc:2)
  5 orc knights (Orc:2)
  An ugly thing (D:13)
  3 cyclopes (D:13)
  3 oklob plants
  A deep elf mage (D:13)
  A manticore (shapeshifter) (D:12)
  6 elephants
  A moth of wrath (Gauntlet)
  A manticore (D:13)
  9 black mambas
  2 ice statues
  A centaur skeleton (D:11)
  12 spiny frogs
  10 komodo dragons
  4 rime drakes
  An ice devil (Orc:2)
  2 freezing wraiths
  A red devil (Orc:2)
  A tengu conjurer (D:13)
  A queen bee (D:8)
  4 trolls
  A snapping turtle (Lair:3)
  20 polar bears
  11 blink frogs
  8 dream sheep
  10 hippogriffs
  A spriggan (shapeshifter) (D:13)
  A ynoxinul (Orc:2)
  Sigmund (D:3)
  7 wraiths
  2 wyverns
  44 yaks
  Eustachio (D:5)
  8 fire bats (Gauntlet)
  A basilisk (Lair:6)
  A hungry ghost (D:13)
  Duvessa (D:6)
  3 acid dragons
  3 hell hounds (Gauntlet)
  17 water moccasins
  25 orc warriors
  7 porcupines
  4 black bears
  4 necrophages
  11 ice beasts
  2 sky beasts
  2 eyes of draining
  3 phantoms
  10 ogres
  14 crocodiles
  33 wolves
  6 centaurs
  13 bullfrogs
  A gnoll sergeant (D:7)
  Dowan (D:6)
  6 scorpions
  14 killer bees (D:8)
  19 wights
  4 howler monkeys
  An electric eel (Lair:3)
  4 bullfrog zombies
  6 crimson imps
  2 centaur zombies
  8 jellies
  A quasit (D:13)
  8 hounds
  19 orc priests
  3 bullfrog skeletons
  17 orc wizards
  10 hell rats
  8 iguanas
  17 worker ants
  A killer bee zombie (D:10)
  A hound zombie (D:6)
  A hound skeleton (D:3)
  14 mummies
  2 worker ant zombies
  11 gnolls
  2 howler monkey skeletons
  15 adders
  3 shadow imps
  A white imp (Lair:5)
  An ooze (Lair:5)
  An adder zombie (D:8)
  An adder skeleton (D:4)
  4 worms
  3 dart slugs
  2 leopard geckos
  76 orcs
  2 ball pythons
  12 bats
  5 giant cockroaches
  9 hobgoblins
  8 quokkas
  5 frilled lizards
  A gnoll skeleton (Ossuary)
  6 goblins
  2 goblin skeletons (Ossuary)
  A goblin zombie (D:6)
  A jackal skeleton (D:8)
  8 kobolds
  3 kobold skeletons (Ossuary)
  2 leopard gecko zombies
  2 orc skeletons (Ossuary)
  An orc zombie (D:6)
  A quokka skeleton (D:5)
  2 quokka zombies
  10 rats
  11 rat skeletons (Ossuary)
  A fungus (Lair:6)
  A plant (Lair:3)
769 creatures vanquished.

Vanquished Creatures (others)
  A wolf (IceCv)
  4 centaurs
  An orc priest (Orc:2)
  An adder skeleton (D:6)
  3 orcs
  A quokka (D:6)
  A kobold (D:2)
  2 bushes (Lair:6)
  2 butterflies (Lair:5)
  16 fungi
  32 plants
64 creatures vanquished.

Grand Total: 833 creatures vanquished

Notes
Turn   | Place    | Note
-------+----------+-------------------------------------------
     0 | D:1      | Peloso the Minotaur Fighter began the quest for the Orb.
     0 | D:1      | Reached XP level 1. HP: 19/19 MP: 0/0
    69 | D:1      | Reached skill level 4 in Shields
    69 | D:1      | Reached XP level 2. HP: 27/27 MP: 1/1
   454 | D:1      | Reached XP level 3. HP: 29/33 MP: 2/2
  1105 | D:2      | Reached XP level 4. HP: 36/40 MP: 3/3
  1209 | D:2      | Found a deep blue altar of Sif Muna.
  1209 | D:2      | Found a sacrificial altar of Ru.
  1952 | D:3      | Reached XP level 5. HP: 40/46 MP: 4/4
  1993 | D:3      | Reached skill level 5 in Shields
  2232 | D:3      | Noticed Sigmund
  2472 | D:3      | Killed Sigmund
  2472 | D:3      | Reached XP level 6. HP: 21/53 MP: 5/5
  2709 | D:3      | Reached skill level 5 in Long Blades
  2717 | D:3      | Reached skill level 5 in Armour
  2717 | D:3      | Reached skill level 1 in Dodging
  3390 | D:4      | Reached XP level 7. HP: 60/60 MP: 6/6
  3526 | D:4      | Reached skill level 6 in Shields
  3632 | D:4      | Found an ornate altar of the Wu Jian Council.
  4030 | D:5      | Entered Level 5 of the Dungeon
  4040 | D:5      | Found an iron altar of Okawaru.
  4083 | D:5      | Became a worshipper of Warmaster Okawaru
  4125 | D:5      | Noticed Eustachio
  4167 | D:5      | Killed Eustachio
  4167 | D:5      | Reached skill level 5 in Fighting
  4167 | D:5      | Reached XP level 8. HP: 27/68 MP: 7/7
  4181 | D:5      | Found a burning altar of Makhleb.
  4532 | D:5      | Reached skill level 7 in Shields
  4536 | D:5      | Found a runed translucent door.
  4536 | D:5      | Noticed Veteran's ghost (novice GrFi)
  4808 | D:5      | Reached * piety under Okawaru
  5004 | D:5      | Reached skill level 8 in Shields
  5140 | D:6      | Found a bloodstained altar of Trog.
  5144 | D:6      | Reached ** piety under Okawaru
  5144 | D:6      | Reached XP level 9. HP: 76/76 MP: 8/8
  5214 | D:6      | Reached skill level 1 in Stealth
  5215 | D:6      | Found a white marble altar of Elyvilon.
  5461 | D:6      | Found a sand-covered staircase.
  5482 | Ossuary  | Entered an ossuary
  5969 | D:6      | Noticed Dowan
  5970 | D:6      | Noticed Duvessa
  5990 | D:6      | Killed Duvessa
  5992 | D:6      | Killed Dowan
  6440 | D:6      | Found a runed translucent gate.
  6441 | D:6      | Found a runed translucent gate.
  6442 | D:6      | Found a runed translucent gate.
  6444 | D:6      | Identified the +1 short sword "Giantbane" {venom, MP+9
                  | Int+3}
  6444 | D:6      | Noticed a kobold demonologist
  6464 | D:6      | Noticed ciphuk's ghost (novice HaHu)
  6467 | D:6      | Reached skill level 10 in Long Blades
  6829 | D:7      | Found a snail-covered altar of Cheibriados.
  6857 | D:7      | Reached skill level 9 in Shields
  6909 | D:7      | Reached *** piety under Okawaru
  7398 | D:7      | Found a glowing silver altar of Zin.
  7423 | D:7      | Found a staircase to the Ecumenical Temple.
  7454 | D:7      | Found a shimmering altar of Xom.
  7580 | D:8      | Noticed a two-headed ogre
  7596 | D:8      | Killed a two-headed ogre
  7596 | D:8      | Reached **** piety under Okawaru
  7596 | D:8      | Reached XP level 10. HP: 66/85 MP: 6/9
  7644 | D:8      | Noticed a two-headed ogre
  7656 | D:8      | Killed a two-headed ogre
  7656 | D:8      | Reached skill level 10 in Shields
  8030 | D:8      | Noticed a two-headed ogre
  8036 | D:8      | Killed a two-headed ogre
  8036 | D:8      | Reached ***** piety under Okawaru
  8594 | D:8      | Noticed Harold
  8608 | D:8      | Killed Harold
  8608 | D:8      | Received a gift from Okawaru
  8718 | D:8      | Noticed a two-headed ogre
  8728 | D:8      | Killed a two-headed ogre
  8728 | D:8      | Reached skill level 11 in Shields
  8728 | D:8      | Reached XP level 11. HP: 94/94 MP: 7/10
  8799 | D:8      | Found a glowing golden altar of the Shining One.
  9101 | D:9      | Reached skill level 1 in Invocations
  9218 | D:9      | Found a staircase to the Lair.
  9614 | D:9      | Received a gift from Okawaru
  9862 | D:10     | Entered Level 10 of the Dungeon
  9981 | D:10     | Found a shattered altar of Ashenzari.
  9985 | D:10     | Saw a vision of the Shoals and the Snake Pit.
  9985 | D:10     | Noticed a naga ritualist
 10529 | D:10     | Found a staircase to the Orcish Mines.
 11011 | D:11     | Noticed a two-headed ogre
 11018 | D:11     | Killed a two-headed ogre
 11025 | D:11     | Reached skill level 10 in Armour
 11025 | D:11     | Reached skill level 12 in Shields
 11185 | D:11     | Found Taluth's Assorted Antiques.
 11207 | D:11     | Bought a coiled copper ring for 110 gold pieces
 11210 | D:11     | Identified the ring of Egalitarianism {+Fly rC+ Dex+4
                  | Slay+2} (You bought it in a shop on level 11 of the
                  | Dungeon)
 11213 | D:11     | Bought a glowing falchion for 132 gold pieces
 11213 | D:11     | Bought a scroll labeled ZIREDWEEHA for 22 gold pieces
 11213 | D:11     | Bought a scroll labeled ZOEVU PAEK for 22 gold pieces
 11213 | D:11     | Bought a golden potion for 19 gold pieces
 11368 | D:11     | Killed an unseen horror
 11892 | Lair:1   | Entered Level 1 of the Lair of Beasts
 12128 | Lair:1   | Reached XP level 12. HP: 99/104 MP: 11/11
 12361 | Lair:1   | Noticed an eight-headed hydra
 12386 | Lair:1   | Killed a 12-headed hydra
 12386 | Lair:1   | Reached ****** piety under Okawaru
 13067 | Lair:2   | Received a gift from Okawaru
 13219 | Lair:2   | Reached skill level 10 in Fighting
 13538 | Lair:3   | Noticed a four-headed hydra
 13558 | Lair:3   | Killed an eight-headed hydra
 13558 | Lair:3   | Reached skill level 13 in Shields
 13842 | Lair:3   | Reached skill level 1 in Evocations
 13852 | Lair:3   | Got a pair of dazzling boots
 13863 | Lair:3   | Identified the cursed +0 pair of boots "Zuli" {rPois Int+3}
                  | (You found it on level 3 of the Lair of Beasts)
 14371 | Lair:3   | Received a gift from Okawaru
 14374 | Lair:3   | Got a twisted hat {god gift}
 14393 | Lair:3   | Reached skill level 15 in Long Blades
 14393 | Lair:3   | Reached XP level 13. HP: 97/115 MP: 13/13
 14408 | Lair:3   | Identified the +2 hat of Nerauw {Int+4} (Okawaru gifted it
                  | to you on level 3 of the Lair of Beasts)
 14522 | Lair:3   | Found a staircase to the Shoals.
 14720 | Lair:4   | Found a staircase to the Snake Pit.
 14786 | Lair:4   | Reached skill level 14 in Shields
 15550 | Lair:5   | Noticed Josephine
 15556 | Lair:5   | Killed Josephine
 15955 | Lair:5   | Reached skill level 1 in Axes
 16135 | Lair:5   | Found a staircase to the Slime Pits.
 16636 | Lair:5   | Got a shimmering steel amulet
 16638 | Lair:5   | Identified the amulet of Ola Beis {Reflect +Fly rPois rC+
                  | Str+2 SH+2} (You found it on level 5 of the Lair of Beasts)
 16937 | Lair:6   | Entered Level 6 of the Lair of Beasts
 17094 | Lair:6   | Received a gift from Okawaru
 17755 | Lair:6   | Reached skill level 5 in Axes
 17893 | Lair:6   | Received a gift from Okawaru
 17898 | Lair:6   | Got a jewelled chain mail {god gift}
 17913 | Lair:6   | Reached skill level 15 in Shields
 17913 | Lair:6   | Reached XP level 14. HP: 77/126 MP: 14/14
 18080 | Lair:6   | Identified the +1 chain mail of Shadows and Fog {Dex+2}
                  | (Okawaru gifted it to you on level 6 of the Lair of Beasts)
 20484 | D:13     | Found Boeluk's Gadget Shoppe.
 20521 | D:13     | Found a gate leading to a gauntlet.
 20531 | Gauntlet | Entered a Gauntlet
 20531 | Gauntlet | Found a runed translucent door.
 20531 | Gauntlet | Found a transporter.
 20531 | Gauntlet | Found a runed translucent door.
 20531 | Gauntlet | Found a runed translucent gate.
 20531 | Gauntlet | Found a transporter.
 20533 | Gauntlet | Found a transporter.
 20533 | Gauntlet | Found a transporter.
 20534 | Gauntlet | Found a runed translucent gate.
 20535 | Gauntlet | Found a runed translucent gate.
 20537 | Gauntlet | Found a transporter.
 20537 | Gauntlet | Found a transporter.
 20571 | Gauntlet | Found a transporter.
 20575 | Gauntlet | Found a transporter.
 20583 | Gauntlet | Found a transporter.
 20597 | Gauntlet | Found a runed translucent door.
 20601 | Gauntlet | Found a transporter.
 20615 | Gauntlet | Found a transporter.
 20619 | Gauntlet | Found a transporter.
 20999 | Gauntlet | Got a smoking golden ring
 21007 | Gauntlet | Identified the ring of Tophoyna {rF+ Slay+3 Stlth-} (You
                  | found it in a Gauntlet)
 21142 | Gauntlet | Received a gift from Okawaru
 21142 | Gauntlet | Reached skill level 16 in Shields
 21146 | Gauntlet | Got a shimmering hat {god gift}
 21157 | Gauntlet | Identified the +0 hat of Resonance {rC+} (Okawaru gifted it
                  | to you in a Gauntlet)
 21273 | D:13     | Found Doulaq's Assorted Antiques.
 21303 | D:13     | Bought a scroll labeled LUP DEOHIZXAV for 39 gold pieces
 21741 | Orc:1    | Entered Level 1 of the Orcish Mines
 22154 | Orc:1    | Noticed Sonja
 22199 | Orc:1    | Killed Sonja
 22378 | Orc:1    | Found a burning altar of Makhleb.
 22425 | Orc:1    | Noticed an orc warlord
 22425 | Orc:1    | Noticed an orc warlord
 22596 | Orc:1    | Killed an orc warlord
 22693 | Orc:1    | Killed an orc warlord
 23116 | Orc:2    | Entered Level 2 of the Orcish Mines
 23116 | Orc:2    | Found a staircase to the Elven Halls.
 23166 | Orc:2    | Found a frozen archway.
 23171 | Orc:2    | Reached XP level 15. HP: 27/136 MP: 15/15
 23179 | IceCv    | Entered an ice cave
 23932 | IceCv    | Noticed a frost giant
 23964 | IceCv    | Killed a frost giant
 23964 | IceCv    | Received a gift from Okawaru
 23988 | IceCv    | Got an ichor-stained longbow {god gift}
 25212 | Orc:2    | Found Quh Jocs's Magic Scroll Emporium.
 25215 | Orc:2    | Found Etasoas's General Store.
 25323 | Orc:2    | Bought a scroll of enchant armour for 105 gold pieces
 25323 | Orc:2    | Bought a scroll of identify for 28 gold pieces
 25323 | Orc:2    | Bought a scroll of identify for 28 gold pieces
 25323 | Orc:2    | Bought a scroll of teleportation for 42 gold pieces
 25323 | Orc:2    | Bought a scroll of amnesia for 49 gold pieces
 25323 | Orc:2    | Bought a scroll of identify for 28 gold pieces
 25323 | Orc:2    | Bought a scroll of teleportation for 42 gold pieces
 25325 | Orc:2    | Bought a potion of might for 48 gold pieces
 25325 | Orc:2    | Bought a potion of berserk rage for 60 gold pieces
 25347 | Orc:2    | Reached skill level 17 in Shields
 25398 | Orc:2    | Killed from afar by an orc high priest

Skill      XL: |  1  2  3  4  5  6  7  8  9 10 11 12 13 14 15 |
---------------+----------------------------------------------+-----
Shields        | 4 5 6 8 9 11 12 13 15 16 17 | 17.0
Armour         | 4 5 7 8 9 10 11 12 14 | 14.4
Fighting       | 4 5 6 7 8 9 11 12 13 14 | 14.2
Long Blades    | 3 4 5 7 8 11 12 13 15 16 | 16.8
Dodging        | 1 2 3 4 |  4.1
Stealth        | 1 2 |  2.3
Invocations    | 1 2 |  2.3
Evocations     | 1 2 |  2.0
Axes           | 5 6 |  6.1

Action                   |  1- 3 |  4- 6 |  7- 9 | 10-12 | 13-15 || total
-------------------------+-------+-------+-------+-------+-------++-------
Melee: Long sword        |   105 |   167 |   111 |   225 |       ||   608
       Headbutt          |    14 |    32 |    94 |   163 |   342 ||   645
       Falchion          |       |       |   319 |       |       ||   319
       Scimitar          |       |       |       |   480 |   987 ||  1467
       War axe           |       |       |       |       |    53 ||    53
Invok: Heroism           |       |       |     2 |     5 |     7 ||    14
       Finesse           |       |       |       |     1 |     2 ||     3
Evoke: Wand              |       |       |       |     3 |     2 ||     5
  Use: Scroll            |       |       |     1 |    16 |    15 ||    32
       Potion            |       |       |       |     1 |     3 ||     4
 Stab: Distracted        |       |       |       |     1 |       ||     1
  Eat: Chunk             |       |     8 |    10 |    23 |    21 ||    62
       Ration            |       |       |     1 |       |     4 ||     5
Armor: Scale mail        |    33 |       |       |       |       ||    33
       Chain mail        |    24 |   112 |   149 |       |       ||   285
       Plate armour      |       |       |     5 |   174 |   319 ||   498
Dodge: Dodged            |    25 |    34 |    56 |    85 |   263 ||   463
       Deflected         |       |       |       |     1 |     9 ||    10
Block: Shield            |    59 |   143 |   288 |   414 |   849 ||  1753
       Reflection        |     2 |     4 |     5 |    15 |    36 ||    62
       Rpst.: Long sword |     3 |     6 |     3 |     8 |       ||    20
       Falchion          |       |       |    11 |       |       ||    11
       Scimitar          |       |       |       |     9 |    56 ||    65
